 Dungeon Crawl Stone Soup version 0.31.0-9-g3a7656b989 (webtiles) character file.

Game seed: 13847741963807567058

121 qw the Ducker (level 4, -1/23 HPs)
             Began as a Spriggan Hunter on Feb 2, 2024.
             Killed by nerve-wracking pain
             ... invoked by an orc priest
              (14 damage)
             ... on level 3 of the Dungeon.
             The game lasted 00:00:07 (1910 turns).

qw the Ducker (Spriggan Hunter)                     Turns: 1910, Time: 00:00:08

Health: -1/23      AC:  2    Str:  7    XL:     4   Next: 77%
Magic:  5/5        EV: 22    Int: 10    God:
Gold:   187        SH:  0    Dex: 26    Spells: 3/3 levels left

rFire   . . .        a - +0 shortbow
rCold   . . .        (shield currently unavailable)
rNeg    . . .        c - +0 robe
rPois   .            (helmet restricted)
rElec   .            (no cloak)
rCorr   .            (gloves unavailable)
SInv    +            (boots unavailable)
Will    .....        (no amulet)
Stlth   ++           f - +6 ring of dexterity
HPRegen 0.23/turn    (no ring)
MPRegen 0.09/turn

%: no passive effects
@: very quick
A: very small, no large weapons, unfitting armour, see invisible, speed 3
a: no special abilities


You were on level 3 of the Dungeon.
You visited 1 branch of the dungeon, and saw 3 of its levels.

You collected 187 gold pieces.


Innate Abilities, Weirdness & Mutations

You are very small and have problems with some larger weapons.
You are too small for most types of armour.
You have supernaturally acute eyesight. (SInv)
You cover ground extremely quickly. (Speed+++)


   Skills:
 - Level 1.9 Fighting
 - Level 5.0 Ranged Weapons
 + Level 5.1 Dodging
 - Level 1.5 Stealth


You had 3 spell levels left.
You didn't know any spells.
Your spell library was empty.

Inventory:

Hand Weapons
 a - a +0 shortbow (weapon)
Armour
 c - a +0 robe (worn)
Jewellery
 f - a +6 ring of dexterity (left hand)
Potions
 d - a potion of curing
 h - a potion of mutation
 l - a potion of heal wounds {unknown}

Dungeon Overview and Level Annotations

Branches:
Dungeon (3/15)

Altars:

Annotations:
D:3 Sigmund


Message History

You shoot an arrow. The arrow hits Sigmund!
Sigmund is severely wounded.
The orc priest calls down the wrath of Beogh upon you.
Beogh smites you!
Ouch! That really hurt!
Sigmund casts a spell at you. The puff of flame misses you.
1821 ||| STAIRDANCE Sigmund barely misses you.
You climb upwards.
There is a stone staircase leading down here.
You start resting.
HP restored.
Enter note:
Enter note:
Enter note:
Enter note:
Things that are here:
a +0 short sword; a kobold skeleton
There is a stone staircase leading down here.
You climb downwards.
Level annotation: Sigmund
There is a stone staircase leading up here.
Found an orange potion.
The orc priest shouts!
You shoot an arrow. The arrow hits the orc priest!
The orc priest is severely wounded.
You shoot an arrow. The arrow hits the orc priest.
The orc priest is almost dead.
The orc priest mumbles some strange prayers to Beogh against you.
Pain shoots through your body!
The orc priest calls down the wrath of Beogh upon you.
Beogh smites you!
A bat comes into view.
You shoot an arrow.
The arrow closely misses the orc priest.
The orc priest invokes the aid of Beogh against you.
Pain shoots through your body!
Ouch! That really hurt!
You die...

##.##[....# ..#
#<.##.##..###..#
#...>..........
#..##@.#.#....
###.............
#..........#..#
#.............###.#
#.##..............#
#.##.##....@#<##..#
#.##.#......###
#.##.#..........
####.#...#.....o
#.##....[o.b.
#............
#.##.##......!
#........[#. ##
#...$.


You could see Sigmund, an orc priest and a bat.

Vanquished Creatures
  Jessica (D:2)
  Terence (D:2)
  2 adders (D:2)
  3 ribbon worms (D:2)
  2 dart slugs (D:2)
  3 orcs
  An endoplasm (D:1)
  A giant cockroach (D:2)
  2 hobgoblins (D:2)
  5 jackals
  A quokka (D:1)
  5 ball pythons
  2 bats
  3 frilled lizards
  4 goblins (D:1)
  2 kobolds (D:2)
  5 rats
43 creatures vanquished.

Notes
Turn   | Place    | Note
-------+----------+-------------------------------------------
     0 | D:1      | qw the Spriggan Hunter began the quest for the Orb.
     0 | D:1      | Reached XP level 1. HP: 10/10 MP: 2/2
     0 | D:1      | 0 ||| qw: Version: 0.3-a-155-g5e7d8dd
     0 | D:1      | 0 ||| qw: Game counter: 234
     0 | D:1      | 0 ||| qw: Melee chars always use a shield: true
     0 | D:1      | 0 ||| qw: God list: Okawaru
     0 | D:1      | 0 ||| qw: Allow faded altars: false
     0 | D:1      | 0 ||| qw: Do Orc after clearing Dungeon:15 true
     0 | D:1      | 0 ||| qw: Do second Lair branch before Depths: true
     0 | D:1      | 0 ||| qw: Lair rune preference: random
     0 | D:1      | 0 ||| qw: Goals: Normal
     0 | D:1      | 0 ||| PLANNING D:1-11
   114 | D:1      | Reached skill level 3 in Dodging
   191 | D:1      | Reached XP level 2. HP: 12/14 MP: 3/3
   633 | D:1      | HP: 3/14 [goblin/+0 dagger (2)]
   848 | D:1      | 848 ||| READING scroll labelled RANYHYHUA.
   848 | D:1      | 848 ||| IDENTIFYING sedimented ruby potion
   849 | D:1      | 849 ||| DROPPING scroll of butterflies.
   899 | D:2      | Noticed Jessica
   903 | D:2      | 903 ||| FLEEEEING.
   911 | D:2      | Killed Jessica
   912 | D:2      | Reached XP level 3. HP: 18/18 MP: 4/4
  1292 | D:2      | Reached XP level 4. HP: 22/22 MP: 5/5
  1333 | D:2      | Noticed Terence
  1343 | D:2      | Killed Terence
  1557 | D:2      | 1557 ||| UPGRADING to +6 ring of dexterity.
  1558 | D:2      | 1558 ||| READING 2 scrolls of identify.
  1558 | D:2      | 1558 ||| IDENTIFYING bubbling black potion
  1559 | D:2      | 1559 ||| READING scroll of identify.
  1559 | D:2      | 1559 ||| IDENTIFYING sedimented puce potion
  1560 | D:2      | 1560 ||| READING scroll labelled OZXUPLE ZOALL.
  1602 | D:2      | 1602 ||| READING scroll labelled VIMARE AXURGH.
  1603 | D:2      | 1603 ||| READING scroll labelled COMILU DIUD.
  1704 | D:2      | 1704 ||| READING scroll labelled VORELAN RAHOWUCOS.
  1705 | D:2      | 1705 ||| DROPPING potion of invisibility.
  1744 | D:3      | Noticed Sigmund
  1746 | D:3      | 1746 ||| RETREEEEATING.
  1747 | D:3      | 1747 ||| FLEEEEING.
  1748 | D:3      | 1748 ||| FLEEEEING.
  1749 | D:3      | 1749 ||| FLEEEEING.
  1750 | D:3      | 1750 ||| FLEEEEING.
  1751 | D:3      | 1751 ||| FLEEEEING.
  1752 | D:3      | 1752 ||| FLEEEEING.
  1753 | D:3      | 1753 ||| FLEEEEING.
  1755 | D:3      | 1755 ||| STAIRDANCE
  1773 | D:2      | 1773 ||| READING scroll labelled HEDELO LOUXANK.
  1776 | D:3      | 1776 ||| STAIRDANCE
  1784 | D:3      | 1784 ||| STAIRDANCE
  1821 | D:3      | 1821 ||| STAIRDANCE
  1910 | D:3      | Killed from afar by an orc priest

Levels and vault maps discovered:
D:1:      dpeg_cavernosity, layout_basic
D:2:      layout_basic, uniq_jessica, uniq_terence
D:3:      cheibrodos_helix_gallery, layout_basic, uniq_sigmund

Skill      XL: |  1  2  3  4 |
---------------+-------------+-----
Dodging        | 3 4 5 |  5.1
Ranged Weapons | 5 |  5.0
Fighting       | |  1.9
Stealth        | |  1.5

Action                     |  1- 3 |  4- 6 || total
---------------------------+-------+-------++-------
   Fire: Shortbow          |    96 |    59 ||   155
    Use: Scroll            |     1 |     7 ||     8
 Armour: Robe              |    14 |     5 ||    19
  Dodge: Dodged            |    47 |    25 ||    72

Table legend:
 A = Non-vault XP
 B = Vault XP
 C = Vault XP percentage of total XP
 D = Non-vault monster count
 E = Vault monster count
 F = Vault count percentage of total count
                 A         B        C        D         E       F
            +---------+---------+-------+---------+---------+-------
      Total |      95 |      79 |  45.4 |      37 |       6 |  14.0
            +---------+---------+-------+---------+---------+-------
        D:1 |      16 |       6 |  27.3 |      11 |       4 |  26.7
        D:2 |      76 |      73 |  49.0 |      25 |       2 |   7.4
        D:3 |       3 |       0 |   0.0 |       1 |       0 |   0.0
            +---------+---------+-------+---------+---------+-------
